 Dungeon Crawl Stone Soup version 0.22.1-1-ga44c0e56f4 (webtiles) character file.

7 CaptainPlanet the Caller (level 1, 0/14 HPs)
             Began as a Draconian Summoner on Oct 16, 2018.
             Slain by a bat (1 damage)
             ... on level 1 of the Dungeon.
             The game lasted 00:02:24 (237 turns).

CaptainPlanet the Caller (Draconian Summoner)        Turns: 237, Time: 00:02:24

Health: 0/14       AC:  4    Str: 10    XL:     1   Next: 83%
Magic:  3/3        EV: 12    Int: 15    God:
Gold:   12         SH:  0    Dex: 11    Spells: 3/4 levels left

rFire    . . .     SeeInvis .   g - +0 club
rCold    . . .     Gourm    .   (no shield)
rNeg     . . .     Faith    .   (armour unavailable)
rPois    .         Spirit   .   (helmet restricted)
rElec    .         Reflect  .   (no cloak)
rCorr    .         Harm     .   (no gloves)
MR       .....                  (no boots)
Stlth    ++........             (no amulet)
HPRegen  0.04/turn              (no ring)
MPRegen  0.08/turn              (no ring)

@: no status effects
A: unfitting armour, cold-blooded, AC +4
a: no special abilities


You were on level 1 of the Dungeon.
You were not hungry.

You visited 1 branch of the dungeon, and saw 1 of its levels.

You collected 12 gold pieces.

Inventory:

Hand Weapons
 g - a +0 club (weapon)
Scrolls
 a - a scroll of fog {unknown}
 d - a scroll of identify {unknown}
 e - a scroll of enchant armour {unknown}
Potions
 c - a potion of degeneration {unknown}
Comestibles
 b - a ration
 f - 4 chunks of flesh


   Skills:
 + Level 2.1 Dodging
 + Level 1.7 Stealth
 + Level 2.0 Spellcasting
 + Level 4.1 Summonings


You had 3 spell levels left.
You knew the following spells:

 Your Spells              Type           Power        Failure   Level  Hunger
a - Summon Small Mammal   Summ           ##..         4%          1    #......

Your spell library contained the following spells:

 Spells                   Type           Power        Failure   Level  Hunger
 Call Imp                 Summ           ##......     6%          2    ###....
 Call Canine Familiar     Summ           ##......     12%         3    ###....
 Summon Guardian Golem    Hex/Summ       #.......     28%         3    ###....
 Summon Ice Beast         Ice/Summ       #.......     67%         4    #####..
 Summon Lightning Spire   Summ/Air       #.......     67%         4    #####..


Dungeon Overview and Level Annotations

Branches:
Dungeon (1/15)

Altars:


Innate Abilities, Weirdness & Mutations

Your plain brown scales are hard. (AC +4)
You cannot fit into any form of body armour.
You are cold-blooded and may be slowed by cold attacks.


Message History

The kobold hits your bat with a dagger. The bat barely misses your rat.
Your bat hits the kobold but does no damage.
Your rat closely misses the bat.
The kobold hits your bat but does no damage.
Your bat barely misses the kobold.
Your bat hits the kobold.
The kobold dies!
The bat barely misses you. The bat hits you but does no damage.
The bat hits you but does no damage. The bat barely misses you.
Your bat hits the bat. The bat hits you but does no damage.
The bat hits you but does no damage.
Your bat barely misses the bat.
You see here a whip.
The bat completely misses you.
Your bat barely misses the bat.
The bat hits you but does no damage.
Your bat hits the bat but does no damage.
The bat hits you but does no damage. The bat hits you.
You die...

.....≈≈≈≈≈≈♣ #..
....()...(.# #########.#
......(....# #.......#.#
≈≈≈..P≈....####### #.# #.#.#
≈≈≈≈P≈≈≈.........# #.# #.#.#
≈≈♣≈≈♣≈.#....###.#
###.#####.#.#
♣♣♣♣♣♣..#...r###.#
#....[.##.#.#
##.#....)...####......##.#.#
..##...b.b@......(..#.....#
P♣≈≈♣♣≈♣#..####......##.###
♣≈♣♣♣ ♣≈≈♣P♣P# #....#.......
P≈ ≈≈≈≈♣≈♣P♣♣.#.#####.###
≈≈≈≈P♣≈≈P♣≈.#... ...#
≈≈≈≈≈P≈♣P≈≈≈♣#.#######
≈≈≈≈≈≈≈≈≈≈≈≈≈ P.#
≈≈≈≈≈≈≈≈≈≈♣≈≈≈≈♣P# ≈ ≈≈≈≈ ♣#


You could see a bat, a friendly bat and a friendly rat.

Vanquished Creatures
  A leopard gecko (D:1)
  A bat (D:1)
  A giant cockroach (D:1)
  A goblin (D:1)
  A frilled lizard (D:1)
5 creatures vanquished.

Vanquished Creatures (collateral kills)
  A kobold (D:1)
1 creature vanquished.

Grand Total: 6 creatures vanquished

Notes
Turn   | Place    | Note
-------+----------+-------------------------------------------
     0 | D:1      | CaptainPlanet the Draconian Summoner began the quest for
                  | the Orb.
     0 | D:1      | Reached XP level 1. HP: 14/14 MP: 3/3
   237 | D:1      | Slain by a bat

Skill      XL: |  1 |
---------------+----+-----
Dodging        | 2 |  2.1
Stealth        | |  1.7
Spellcasting   | |  2.0
Summonings     | |  4.1

Action                   || total
-------------------------++-------
Melee: Unarmed           ||    36
       Club              ||    11
       Tailslap          ||     2
 Cast: Summon Small Mamm ||     5
Armor: Skin              ||    39
Dodge: Dodged            ||    50
